 Dungeon Crawl Stone Soup version 0.23.1 (webtiles) character file.

Game seed: 10695337505144408997

70341 Norn the Spry (level 15, -3/127 HPs)
             Began as a Merfolk Skald on Mar 10, 2019.
             Was a High Priest of Ashenzari.
             Shot with an arrow by a centaur warrior (10 damage)
             ... on level 14 of the Dungeon.
             The game lasted 01:06:35 (25163 turns).

Norn the Spry (Merfolk Skald)                      Turns: 25163, Time: 01:06:35

Health: -3/127     AC: 11    Str: 12    XL:     15   Next: 32%
Magic:  13/18      EV: 20    Int: 18    God:    Ashenzari [*****.]
Gold:   1353       SH:  0    Dex: 14    Spells: 10/18 levels left

rFire    + + .     SeeInvis +   q - +2 glaive (flame) (curse)
rCold    + . .     Gourm    +   (shield currently unavailable)
rNeg     . . .     Faith    .   L - +1 ring mail {rF+}
rPois    .         Spirit   .   P - +2 helmet
rElec    +         Reflect  .   k - +1 cloak
rCorr    .         Harm     .   (no gloves)
MR       ++...     Clarity  +   (no boots)
Stlth    +.........             F - amulet of the gourmand
HPRegen  0.31/turn              T - ring "Joigeikk" {rElec rF+ rC+ MR+ Dex-3} (curse)
MPRegen  0.16/turn              y - +3 ring of dexterity

@: very slightly contaminated
A: change form in water, swift swim, stealthy swim
a: Curse Item, Scrying, Transfer Knowledge, Renounce Religion


You were on level 14 of the Dungeon.
You worshipped Ashenzari.
Ashenzari was extremely pleased with you.
You were very full.

You visited 3 branches of the dungeon, and saw 21 of its levels.
You visited the Abyss 1 time.
You also visited: Volcano.

You collected 1521 gold pieces.
You spent 168 gold pieces at shops.

Inventory:

Hand Weapons
 q - a cursed +2 glaive of flaming (weapon)
   (You found it in a volcano)
 w - a +0 trident
   (You found it on level 5 of the Dungeon)
Missiles
 a - 91 poisoned needles
 N - 6 curare-tipped needles {!f}
Armour
 k - a +1 cloak (worn)
   (You found it on level 1 of the Dungeon)
 z - a +1 leather armour of fire resistance
   (You found it in a volcano)
 E - a +0 leather armour of poison resistance
   (You took it off Duvessa on level 7 of the Dungeon)
 L - a +1 ring mail of fire resistance (worn)
   (You found it on level 8 of the Dungeon)
 P - a +2 helmet (worn)
   (You found it on level 10 of the Dungeon)
Jewellery
 y - a +3 ring of dexterity (right hand)
   (You found it on level 12 of the Dungeon)
 B - a +4 ring of intelligence
   (You found it on level 12 of the Dungeon)
 F - an amulet of the gourmand (around neck)
   (You found it on level 7 of the Dungeon)
 S - an uncursed amulet of magic regeneration
   (You found it on level 10 of the Dungeon)
 T - the cursed ring "Joigeikk" (left hand) {rElec rF+ rC+ MR+ Dex-3}
   (You took it off a deep elf mage on level 12 of the Dungeon)

   [ring of protection from cold]

   It affects your dexterity (-3).
   It protects you from fire.
   It protects you from cold.
   It insulates you from electricity.
   It affects your resistance to hostile enchantments.
   It has a curse placed upon it.
 Y - an uncursed ring of resist corrosion
   (You found it on level 5 of the Lair of Beasts)
 Z - an uncursed ring of positive energy
   (You found it on level 5 of the Lair of Beasts)
Wands
 d - a wand of iceblast (13)
   (You took it off Pikel on level 8 of the Dungeon)
 t - a wand of flame (19)
   (You took it off an orc on level 10 of the Dungeon)
 u - a wand of paralysis (3)
   (You found it on level 7 of the Dungeon)
 v - a wand of digging (6)
   (You found it on level 13 of the Dungeon)
 x - a wand of acid (9)
   (You found it on level 4 of the Dungeon)
Scrolls
 b - a scroll of teleportation {@r4}
 f - 11 scrolls of remove curse {@r2}
 h - a scroll of magic mapping {unknown}
 j - a scroll of brand weapon {unknown}
 l - 3 scrolls of immolation {unknown}
 m - 2 scrolls of amnesia
 n - a scroll of blinking
 r - 3 scrolls of noise {!r}
 s - 2 scrolls of fog
 C - 4 scrolls of fear
 K - 3 scrolls of enchant armour
 M - 2 scrolls of vulnerability {unknown}
 Q - a scroll of holy word {unknown}
 V - 9 scrolls of identify {@r1}
Potions
 c - a potion of flight
 g - a potion of brilliance {unknown}
 i - 5 potions of berserk rage
 o - a potion of ambrosia
 p - 2 potions of cancellation
 A - 4 potions of curing {@q1}
 D - 2 potions of mutation {unknown}
 G - a potion of resistance
 H - 4 potions of agility
 I - 5 potions of haste {@q3}
 J - a potion of experience {unknown}
 O - a potion of lignification {unknown}
 R - 4 potions of magic
 W - 5 potions of heal wounds {unknown}
 X - a potion of invisibility {unknown}
Comestibles
 e - 36 rations {!d}
 U - 4 chunks of flesh


   Skills:
 + Level 14.7 Fighting
 - Level 16.8(21.2) Polearms
 - Level 0.6 Armour
 + Level 17.0 Dodging
 - Level 2.0 Spellcasting
 + Level 9.9 Hexes
 - Level 10.0 Charms
 - Level 5.0 Evocations


You had 10 spell levels left.
You knew the following spells:

 Your Spells              Type           Power        Failure   Level  Hunger
a - Infusion              Chrm           ####         1%          1    #......
q - Shroud of Golubria    Chrm/Tloc      ###.......   8%          2    ###....
t - Spectral Weapon       Hex/Chrm       #####...     1%          3    ###....
w - Song of Slaying       Chrm           #####...     1%          2    ###....

Your spell library contained the following spells:

 Spells                   Type           Power        Failure   Level  Hunger
 Confusing Touch          Hex            #####.       1%          1    #......
 Confuse                  Hex            #####...     2%          3    ###....
 Regeneration             Chrm/Necr      ###.......   16%         3    ###....
 Sandblast                Erth           #.....       38%         1    #......
 Summon Butterflies       Summ           #.......     38%         1    #......
 Passwall                 Tmut/Erth      #.......     52%         2    ###....
 Call Canine Familiar     Summ           #.......     77%         3    ###....
 Gell's Gravitas          Tloc           #.........   77%         3    ###....
 Stone Arrow              Conj/Erth      #.....       77%         3    ###....
 Metabolic Englaciation   Hex/Ice        ###.......   83%         5    ######.
 Summon Mana Viper        Hex/Summ       ###.....     83%         5    ######.
 Yara's Violent Unravell  Hex/Tmut       ###.......   83%         5    ######.
 Petrify                  Tmut/Erth      #.......     99%         4    #####..
 Summon Ice Beast         Ice/Summ       #.......     99%         4    #####..
 Lee's Rapid Deconstruct  Erth           #.........   100%        5    ######.
 Summon Hydra             Summ           #.........   100%        7    #######


Dungeon Overview and Level Annotations

Branches:
Dungeon (15/15)            Temple (1/1) D:6            Lair (5/6) D:11
 Shoals (0/4) Lair:4       Spider (0/4) Lair:3        Slime (0/5) Lair:5
    Orc (0/2) D:11         Vaults (0/5) D:14
 Depths: D:15

Altars:
Ashenzari
Cheibriados
Dithmenos
Elyvilon
Fedhas
Gozag
Hepliaklqana
Kikubaaqudgha
Makhleb
Nemelex Xobeh
Okawaru
Qazlal
Ru
Sif Muna
Trog
Uskayaw
Vehumet
Wu Jian
Xom
Yredelemnul
Zin
The Shining One
Jiyva

Shops:
D:13 (   D:14 ?

Annotations:
D:6 2 transporters, brittlin's ghost, novice DrCj
D:14 Agnes
Lair:3 exclusion: 2 oklob plants


Message History

You see here 2 arrows.
You draw out your weapon's spirit!
The wyvern bites you but does no damage.
Agnes misses you.
A centaur warrior comes into view.
The wyvern misses you.
Agnes hits you with a +3 lajatang of electrocution.
The tengu warrior hits you with a +0 dire flail.
The tengu warrior misses you. The tengu warrior closely misses you.
The wyvern completely misses you.
The centaur warrior unwields a +0 shortbow.
The centaur warrior hits you! Agnes closely misses you.
You climb upwards.
Your summoned ally is left behind.
Your spectral weapon fades away.
There is a stone staircase leading down, spattered with blood here.
You slash the centaur warrior! You burn the centaur warrior.
The wyvern bites you but does no damage.
Agnes hits you with a +3 lajatang of electrocution!
The centaur warrior hits you but does no damage.
The wyvern misses you.
You draw out your weapon's spirit!
Agnes misses you. The centaur warrior barely misses you. The wyvern bites you!
* * * LOW HITPOINT WARNING * * *
The centaur warrior hits you.
* * * LOW HITPOINT WARNING * * *
Agnes says, "The ORB is mine by right."
Agnes misses you.
As you read the scroll of teleportation {@r4}, it crumbles to dust.
You feel strangely unstable. The wyvern barely misses you.
Agnes hits you with a +3 lajatang of electrocution!
* * * LOW HITPOINT WARNING * * *
The centaur warrior hits you but does no damage.
The wyvern misses you.
You slice the centaur warrior!! You burn the centaur warrior.
Your spectral weapon hits the centaur warrior!
Your spectral weapon burns the centaur warrior.
Agnes hits you with a +3 lajatang of electrocution!!
* * * LOW HITPOINT WARNING * * *
The centaur warrior hits you!
* * * LOW HITPOINT WARNING * * *
The wyvern bites you.
* * * LOW HITPOINT WARNING * * *
Okay, then.
Blink to where?
You are very lightly contaminated with residual magic.
As you read the scroll of blinking, it crumbles to dust.
Your surroundings suddenly seem different.
The centaur warrior wields a +0 shortbow.
The centaur warrior shoots an arrow.
The arrow hits you!
You die...

##########.(..######.#########
##[#.##.............#
#(#.#..##......##..#
###cQ....###....###..#
#########..l......###..###...#
....##....#........######....#
###....#....i.......# #.....#
####................# #.....#
...............#@..######....#
####..............###..###...##
#####.....##..##.###....###...#
#.)...........##.##......##...#
#.###.....##.###..............#
#.# ##...###.##.....#...###.#.#
#.# ##.####.##.###....## #.#.#
..# #....)....# #....# #.#.#
### ######.##.###....# #.#.#


You could see Agnes, a tengu warrior, a centaur warrior, a wyvern and a friendly
spectral +2 glaive of flaming.

Vanquished Creatures
  A sphinx (D:12)
  A war gargoyle (D:12)
  A red draconian (Volcano)
  A rakshasa (D:12)
  4 vault guards (D:14)
  6 hydras
  2 centaur warriors
  An ogre mage (D:14)
  3 death yaks (Lair:3)
  10 two-headed ogres
  5 unseen horrors
  Pikel (D:8)
  An oklob plant (Lair:3)
  3 ugly things
  3 deep elf magi
  2 manticores
  12 elephants
  5 cyclopes
  5 black mambas
  2 centaur zombies
  A gargoyle (D:13)
  9 spiny frogs
  A komodo dragon (shapeshifter) (D:14)
  A yaktaur (Volcano)
  An efreet (D:12)
  4 komodo dragons
  A polar bear (Lair:5)
  8 trolls
  A hornet (D:12)
  8 blink frogs (Lair:5)
  6 slime creatures
  9 hippogriffs
  2 meliai zombies (D:13)
  A spriggan (shapeshifter) (D:12)
  A centaur simulacrum (D:14)
  A shadow (D:12)
  A vampire (D:12)
  3 fire bats (Lair:2)
  3 wyverns
  2 hogs (D:11)
  58 yaks
  2 wraiths
  A human (D:11)
  A hungry ghost (D:5)
  6 vampire mosquitoes
  2 wargs (D:11)
  4 water moccasins
  A soldier ant (D:14)
  A naga (shapeshifter) (D:12)
  2 acid dragons
  Duvessa (D:7)
  7 porcupines
  4 ice beasts
  2 black bears
  2 slaves (D:8)
  4 sky beasts
  An eye of draining (D:13)
  A necrophage (D:9)
  13 orc warriors
  A phantom (D:4)
  11 ogres
  22 centaurs
  13 crocodiles
  A big kobold (D:8)
  A gnoll sergeant (D:8)
  7 bullfrogs
  2 wyvern zombies
  Dowan (D:7)
  3 scorpions
  11 killer bees
  5 wights (D:12)
  2 howler monkeys
  An electric eel (Lair:1)
  8 crimson imps
  3 bullfrog zombies
  10 hounds
  6 jellies
  2 centaur skeletons (D:6)
  3 bullfrog skeletons
  10 orc priests
  A gnoll shaman (D:8)
  2 iguanas
  7 worker ants
  21 orc wizards
  A killer bee zombie (D:10)
  A howler monkey zombie (D:11)
  A worker ant zombie (D:9)
  10 adders
  12 gnolls
  5 shadow imps
  12 white imps (Lair:2)
  2 worms
  3 dart slugs
  6 leopard geckos
  58 orcs
  10 bats
  3 giant cockroaches
  21 goblins
  2 hobgoblins
  15 jackals
  8 kobolds
  5 quokkas
  A ball python (D:3)
  5 frilled lizards
  A quokka zombie (D:5)
  11 rats
593 creatures vanquished.

Vanquished Creatures (collateral kills)
  A warg (D:11)
  2 centaurs (D:11)
3 creatures vanquished.

Vanquished Creatures (others)
  A vampire mosquito (D:14)
  A crocodile (D:9)
  A big kobold (D:9)
  A howler monkey (D:9)
  A jelly (D:12)
  A hound (D:9)
  An orc wizard (D:9)
  2 orcs (D:9)
  6 kobolds (D:9)
  A plant (Lair:3)
  38 spectral weapons
54 creatures vanquished.

Grand Total: 650 creatures vanquished

Notes
Turn   | Place    | Note
-------+----------+-------------------------------------------
     0 | D:1      | Norn the Merfolk Skald began the quest for the Orb.
     0 | D:1      | Reached XP level 1. HP: 16/16 MP: 3/3
    81 | D:1      | Reached XP level 2. HP: 21/23 MP: 5/5
   128 | D:1      | Reached skill level 3 in Dodging
   306 | D:1      | Found a sparkling altar of Nemelex Xobeh.
   380 | D:1      | Reached XP level 3. HP: 28/28 MP: 6/6
   500 | D:1      | Learned a level 2 spell: Shroud of Golubria
   504 | D:1      | Learned a level 3 spell: Spectral Weapon
  1018 | D:2      | Found an ornate altar of the Wu Jian Council.
  1025 | D:2      | Found an opulent altar of Gozag.
  1025 | D:2      | Found a sacrificial altar of Ru.
  1026 | D:2      | Found a shattered altar of Ashenzari.
  1030 | D:2      | Became a worshipper of Ashenzari the Shackled
  1035 | D:2      | Found a blossoming altar of Fedhas.
  1162 | D:2      | Reached XP level 4. HP: 34/34 MP: 2/7
  1787 | D:3      | Found a faded altar of an unknown god.
  1801 | D:3      | Reached skill level 1 in Hexes
  1893 | D:3      | Reached XP level 5. HP: 32/41 MP: 8/8
  1991 | D:3      | Reached skill level 5 in Polearms
  2448 | D:3      | Reached skill level 4 in Dodging
  2479 | D:3      | Found a glowing silver altar of Zin.
  2911 | D:4      | Reached XP level 6. HP: 47/47 MP: 0/9
  3367 | D:4      | Reached XP level 7. HP: 51/54 MP: 7/10
  3705 | D:4      | Reached skill level 5 in Dodging
  4018 | D:5      | Entered Level 5 of the Dungeon
  4028 | D:5      | Found an iron altar of Okawaru.
  4029 | D:5      | Reached * piety under Ashenzari
  4108 | D:5      | Found a burning altar of Makhleb.
  4548 | D:5      | Noticed a hungry ghost
  4562 | D:5      | Killed a hungry ghost
  4562 | D:5      | Reached XP level 8. HP: 61/61 MP: 8/11
  5666 | D:6      | Reached skill level 5 in Fighting
  5672 | D:6      | Found a stormy altar of Qazlal.
  5709 | D:6      | Reached skill level 6 in Dodging
  5899 | D:6      | Found a staircase to the Ecumenical Temple.
  5909 | Temple   | Entered the Ecumenical Temple
  6139 | D:6      | Found a transporter.
  6143 | D:6      | Noticed brittlin's ghost (novice DrCj)
  6188 | D:6      | Found a transporter.
  6401 | D:7      | Found a bloodstained altar of Trog.
  6404 | D:7      | Noticed Duvessa
  6404 | D:7      | Noticed Dowan
  6415 | D:7      | Reached skill level 10 in Polearms
  6419 | D:7      | Killed Duvessa
  6419 | D:7      | Reached XP level 9. HP: 56/69 MP: 6/12
  6425 | D:7      | Killed Dowan
  6425 | D:7      | Reached skill level 7 in Dodging
  6699 | D:7      | Reached skill level 5 in Hexes
  6703 | D:7      | Found a hide-covered altar of Uskayaw.
  7013 | D:8      | Reached ** piety under Ashenzari
  7435 | D:8      | Found a hazy altar of Hepliaklqana.
  7436 | D:8      | Found a shimmering altar of Xom.
  7437 | D:8      | Noticed a spectral ugly thing
  7632 | D:8      | Noticed Pikel
  7654 | D:8      | Killed Pikel
  7654 | D:8      | Reached skill level 8 in Dodging
  7689 | D:8      | Found a shimmering altar of Xom.
  7703 | D:8      | Cast into level 1 of the Abyss (orc warrior)
  7714 | D:8      | Escaped the Abyss
  7948 | D:8      | Reached skill level 5 in Charms
  8009 | D:8      | Reached XP level 10. HP: 79/79 MP: 13/13
  8052 | D:8      | Found a deep blue altar of Sif Muna.
  8331 | D:9      | Reached skill level 1 in Evocations
  8544 | D:9      | Noticed a two-headed ogre
  8559 | D:9      | Killed a two-headed ogre
  8559 | D:9      | Reached skill level 9 in Dodging
  9108 | D:9      | Reached *** piety under Ashenzari
  9428 | D:10     | Entered Level 10 of the Dungeon
  9905 | D:10     | Reached XP level 11. HP: 66/87 MP: 10/14
 10066 | D:10     | Reached skill level 10 in Dodging
 10857 | D:11     | Noticed a two-headed ogre
 10864 | D:11     | Reached skill level 15 in Polearms
 10943 | D:11     | Reached skill level 5 in Evocations
 10954 | D:11     | HP: 1/89 [orc priest/divine providence (13)]
 11245 | D:11     | Killed a two-headed ogre
 11288 | D:11     | Found a staircase to the Orcish Mines.
 11396 | D:11     | Found a staircase to the Lair.
 11462 | D:11     | Identified the +9 rapier of Terror {speed, Dex+3}
 11473 | D:11     | Reached skill level 11 in Dodging
 11943 | D:11     | Noticed an eight-headed hydra
 11954 | D:11     | Killed an eight-headed hydra
 11954 | D:11     | Reached XP level 12. HP: 96/96 MP: 15/15
 12204 | Lair:1   | Entered Level 1 of the Lair of Beasts
 12287 | Lair:1   | Reached skill level 10 in Fighting
 12399 | Lair:1   | Learned a level 2 spell: Song of Slaying
 12517 | Lair:1   | Reached skill level 12 in Dodging
 13239 | Lair:2   | Reached **** piety under Ashenzari
 13338 | Lair:2   | Found a dark tunnel.
 13357 | Volcano  | Entered a volcano
 13535 | Volcano  | Noticed a centaur warrior
 13557 | Volcano  | Killed a centaur warrior
 13702 | Volcano  | Noticed a red draconian
 13715 | Volcano  | Killed a red draconian
 14021 | Lair:2   | Noticed a six-headed hydra
 14032 | Lair:2   | Killed a one-headed hydra
 14032 | Lair:2   | Reached skill level 13 in Dodging
 14032 | Lair:2   | Reached XP level 13. HP: 75/106 MP: 12/16
 15876 | Lair:3   | Found a hole to the Spider Nest.
 16217 | Lair:3   | Reached skill level 14 in Dodging
 16588 | Lair:4   | Reached skill level 10 in Charms
 16620 | Lair:4   | Found a staircase to the Shoals.
 16622 | Lair:4   | Reached ***** piety under Ashenzari
 17684 | Lair:5   | Reached XP level 14. HP: 104/116 MP: 13/17
 18046 | Lair:5   | Found a staircase to the Slime Pits.
 18049 | Lair:5   | Found a viscous altar of Jiyva.
 18340 | D:12     | Reached skill level 15 in Dodging
 18688 | D:12     | Found a runed translucent door.
 18689 | D:12     | Found a runed translucent door.
 18690 | D:12     | Found a runed translucent door.
 18690 | D:12     | Noticed a sphinx
 19593 | D:12     | Noticed a war gargoyle
 19614 | D:12     | Killed a war gargoyle
 20304 | D:12     | Killed a sphinx
 20911 | D:12     | Identified the ring "Joigeikk" {rElec rF+ rC+ MR+ Dex-3}
 21188 | D:12     | Identified the +7 war axe "With Two Names" {chop, Stlth+}
 21620 | D:13     | Reached skill level 16 in Dodging
 21732 | D:13     | Found a stormy altar of Qazlal.
 21851 | D:13     | Found Qopou's Weapon Shoppe.
 22137 | D:14     | Reached XP level 15. HP: 52/126 MP: 15/18
 22252 | D:14     | Found a gate to the Vaults.
 22533 | D:14     | Reached ****** piety under Ashenzari
 22548 | D:14     | Found a sparkling altar of Nemelex Xobeh.
 22880 | D:14     | Found Ahoa's Magic Scroll Emporium.
 22885 | D:14     | Bought a scroll of blinking for 120 gold pieces
 22885 | D:14     | Bought a scroll of remove curse for 48 gold pieces
 23135 | D:15     | Entered Level 15 of the Dungeon
 23746 | D:14     | Found a gate to the Vaults.
 23766 | D:14     | Found Ahoa's Magic Scroll Emporium.
 23791 | D:14     | Found a sparkling altar of Nemelex Xobeh.
 24341 | D:15     | Noticed Agnes
 24691 | D:14     | Reached skill level 17 in Dodging
 25161 | D:14     | HP: 6/127 [wyvern (2)]
 25163 | D:14     | Shot with an arrow by a centaur warrior

Skill      XL: |  1  2  3  4  5  6  7  8  9 10 11 12 13 14 15 |
---------------+----------------------------------------------+-----
Dodging        | 3 4 5 6 8 9 11 13 14 16 17 | 17.0
Polearms       | 4 5 6 8 10 12 14 16 | 16.8
Fighting       | 3 4 5 7 8 9 11 12 14 | 14.7
Hexes          | 1 2 3 4 5 6 9 |  9.9
Charms         | 5 8 10 | 10.0
Evocations     | 3 5 |  5.0
Armour         | |  0.6
Spellcasting   | |  2.0

Action                   |  1- 3 |  4- 6 |  7- 9 | 10-12 | 13-15 || total
-------------------------+-------+-------+-------+-------+-------++-------
Melee: Spear             |   153 |   199 |   105 |       |       ||   457
       Halberd           |       |       |   174 |   550 |       ||   724
       Trident           |       |       |    12 |       |       ||    12
       Glaive            |       |       |       |    10 |   626 ||   636
       Tailslap          |       |       |       |       |     2 ||     2
 Cast: Infusion          |    12 |     6 |     1 |       |       ||    19
       Spectral Weapon   |     1 |    16 |    35 |    62 |   103 ||   217
       Shroud of Golubri |       |       |     3 |       |       ||     3
Invok: Curse Item        |       |       |     1 |     1 |     1 ||     3
Evoke: Wand              |       |       |     3 |     6 |     2 ||    11
  Use: Scroll            |       |       |    10 |    11 |     3 ||    24
       Potion            |       |       |       |     1 |       ||     1
 Stab: Sleeping          |     3 |       |     1 |       |       ||     4
       Distracted        |       |       |     1 |     4 |     6 ||    11
       Paralysed         |       |       |       |       |     2 ||     2
  Eat: Chunk             |     1 |    10 |    35 |    28 |    46 ||   120
Armor: Leather armour    |    43 |    33 |    33 |    27 |       ||   136
       Troll leather arm |       |       |       |    37 |       ||    37
       Ring mail         |       |       |       |     8 |    87 ||    95
Dodge: Dodged            |    66 |   110 |   113 |   342 |   299 ||   930
